Map: Jagannatha LE

Players

Antis

  • Race: Zerg Zerg

Neeb - Winner!

  • Race: Protoss Protoss

VOD

Have the link to the VOD?

Description

Time

  • Played on: Oct. 7, 2021, 3:28 p.m.
  • Length: 8:41
Show
View Real Time Build Order
Export as new Build Order

Antis Zerg 

Build Orders: Hatch First 

Get SALT Encoding   

  12  0:00  Drone  
  13  0:12  Overlord  
  13  0:17  Drone  
  14  0:30  Drone x2  
  16  0:49  Hatchery  
  15  0:52  Drone  
  15  0:55  Drone  
  17  0:59  Drone  
  18  1:09  Extractor  
  17  1:14  Spawning Pool  
  17  1:17  Drone  
  17  1:20  Drone  
  18  1:29  Drone  
  19  1:41  Drone  
  20  1:50  Overlord  
  20  2:01  Queen x2  
  20  2:02  Zergling x4  
  26  2:12  Drone x2  
  26  2:14  Metabolic Boost  
  28  2:22  Drone  
  29  2:23  Drone  
  30  2:37  Hatchery  
  30  2:42  Drone x2  
  31  2:49  Queen  
  33  2:56  Overlord  
  33  2:58  Drone  
  34  2:59  Drone  
  34  3:01  Drone  
  36  3:14  Overlord  
  36  3:16  Drone x4  
  40  3:23  Zergling x4  
  40  3:37  Drone x2  
  41  3:43  Drone x2  
  41  3:46  Spore Crawler  
  41  3:50  Spore Crawler  
  41  3:52  Zergling x6  
  43  3:59  Drone x5  
  48  4:06  Queen  
  50  4:13  Queen, Overlord  
  52  4:20  Drone x4  
  56  4:28  Drone  
  56  4:29  Drone  
  56  4:31  Roach Warren  
  57  4:33  Extractor  
  57  4:35  Drone x2, Extractor  
  57  4:43  Spore Crawler  
  50  4:48  Zergling x6  
  50  4:51  Drone x4  
  56  4:58  Drone x4  
  60  5:03  Queen  
  62  5:11  Spore Crawler  
  58  5:14  Spore Crawler  
  58  5:15  Spore Crawler  
  59  5:21  Drone x7  
  59  5:26  Overlord  
  59  5:27  Overlord  
  66  5:28  Lair  
  66  5:33  Evolution Chamber  
  64  5:46  Drone x4  
  64  5:47  Roach x4  
  75  5:56  Zergling x10  
  80  5:59  Overlord  
  80  6:00  Overlord  
  80  6:01  Zerg Missile Weapons Level 1  
  80  6:10  Roach  
  77  6:23  Drone x4  
  81  6:31  Roach x8  
  97  6:36  Overlord x2  
  97  6:39  Overlord  
  97  6:40  Overlord  
  96  6:53  Overseer  
  96  7:03  Hatchery  
  96  7:06  Roach x9  
  113  7:17  Ravager x7  
  113  7:18  Overlord  
  113  7:19  Overlord  
  113  7:20  Zergling x8  
  124  7:31  Zergling x10  
  128  7:43  Ravager  
  128  7:44  Ravager  
  129  7:51  Zergling x20  
  126  8:07  Roach x10  
Show
View Real Time Build Order
Export as new Build Order

Neeb Protoss - Winner!

Build Orders: 1 Gate Expand, Oracle Opening 

Get SALT Encoding   

  12  0:00  Probe  
  13  0:12  Probe  
  14  0:20  Pylon  
  14  0:24  Probe  
  15  0:38  Probe (Chrono Boost)  
  15  0:39  Gateway  
  16  0:44  Assimilator  
  16  0:47  Probe (Chrono Boost)  
  17  0:53  Probe  
  18  1:06  Probe  
  19  1:18  Probe  
  20  1:25  Nexus  
  20  1:34  Cybernetics Core  
  20  1:37  Probe  
  21  1:46  Assimilator  
  21  1:49  Probe  
  21  1:52  Pylon  
  22  2:01  Probe (Chrono Boost)  
  22  2:08  Adept (Chrono Boost)  
  23  2:11  Probe (Chrono Boost)  
  26  2:16  Probe (Chrono Boost)  
  27  2:24  Stargate  
  27  2:28  Probe  
  28  2:30  Adept  
  28  2:36  Warp Gate  
  30  2:37  Probe (Chrono Boost)  
  32  2:45  Probe (Chrono Boost)  
  32  2:48  Probe (Chrono Boost)  
  33  2:53  Probe x2 (Chrono Boost)  
  35  3:00  Adept  
  35  3:04  Probe x2  
  39  3:08  Pylon  
  39  3:09  Oracle  
  42  3:16  Probe  
  42  3:19  Gateway  
  43  3:22  Probe  
  44  3:28  Probe  
  45  3:34  Probe  
  44  3:43  Oracle (Chrono Boost)  
  44  3:44  Probe  
  47  3:48  Probe  
  47  3:51  Adept  
  47  3:54  Pylon  
  49  3:56  Probe  
  49  4:00  Probe  
  51  4:05  Pylon  
  51  4:08  Probe  
  52  4:10  Oracle (Chrono Boost)  
  52  4:12  Probe  
  56  4:17  Assimilator  
  56  4:19  Assimilator  
  56  4:20  Probe  
  57  4:24  Adept, Probe  
  57  4:29  Adept, Nexus  
  57  4:30  Pylon  
  62  4:33  Probe  
  64  4:38  Probe  
  64  4:45  Probe  
  62  4:50  Probe  
  63  4:57  Probe  
  63  4:59  Adept x2  
  68  5:02  Robotics Facility, Probe  
  68  5:04  Forge  
  68  5:06  Pylon  
  69  5:09  Probe  
  70  5:14  Probe  
  70  5:21  Probe  
  72  5:22  Adept x2  
  72  5:27  Gateway, Probe  
  77  5:28  Gateway  
  77  5:32  Pylon  
  77  5:33  Probe  
  77  5:35  Shield Battery  
  78  5:38  Pylon  
  78  5:41  Probe  
  79  5:45  Probe, Sentry  
  79  5:46  Protoss Ground Weapons Level 1 (Chrono Boost), Sentry  
  79  5:48  Immortal (Chrono Boost)  
  79  5:49  Probe  
  85  5:53  Robotics Bay  
  85  5:55  Probe  
  90  5:57  Probe  
  90  6:02  Twilight Council, Probe  
  92  6:07  Probe  
  93  6:14  Pylon  
  89  6:21  Immortal (Chrono Boost)  
  89  6:23  Probe  
  89  6:24  Probe  
  84  6:28  Stalker x2  
  84  6:30  Stalker  
  84  6:31  Stalker, Blink  
  92  6:33  Probe  
  92  6:34  Assimilator  
  92  6:35  Shield Battery  
  92  6:36  Assimilator  
  92  6:37  Shield Battery  
  93  6:52  Disruptor (Chrono Boost)  
  93  6:53  Gateway  
  93  6:54  Probe  
  93  6:55  Gateway  
  97  7:01  Pylon  
  96  7:11  Stalker x4, Gateway  
  96  7:12  Gateway  
  96  7:14  Pylon  
  96  7:15  Probe x2  
  106  7:20  Observer (Chrono Boost)  
  107  7:24  Pylon  
  107  7:26  Pylon  
  107  7:31  Disruptor (Chrono Boost)  
  109  7:38  Stalker x4  
  114  7:49  Photon Cannon  
  114  7:50  Photon Cannon  
  114  7:52  Photon Cannon  
  114  7:54  Stalker, Shield Battery x2  
  114  7:56  Shield Battery  
  114  7:58  Pylon  
  116  8:04  Stalker  
  116  8:05  Stalker x2  
  120  8:18  Stalker x4  
  131  8:27  Stalker  
  127  8:33  Stalker  
Tags
 
Add a new tag
Caveats
  • Supply blocks, unpowered buildings, or Contaminate may cause inaccurate times.
  • Supply counts are checked every 10 seconds.